 Seeded DCSS version 0.29-a0-664-gff9cad4a3d (webtiles) character file.

Game seed: 12781424815227474791 (custom seed)

260 zeratav the Stinger (level 6, -1/53 HPs)
             Began as an Ogre Venom Mage on June 22, 2022.
             Slain by a gnoll
             ... wielding a +0 whip
              (3 damage)
             ... on level 5 of the Dungeon.
             The game lasted 00:07:12 (2664 turns).

zeratav the Stinger (Ogre Venom Mage)               Turns: 2664, Time: 00:07:13

Health: -1/53      AC:  3    Str: 15    XL:     6   Next: 17%
Magic:  9/9        EV:  9    Int: 16    God:
Gold:   123        SH:  0    Dex:  9    Spells: 8/9 levels left

rFire   . . .      SeeInvis .   g - +2 short sword (venom) {short}
rCold   . . .      Faith    .   (no shield)
rNeg    . . .      Spirit   .   a - +0 robe
rPois   .          Reflect  .   (helmet restricted)
rElec   .          Harm     .   (no cloak)
rCorr   .          Rampage  .   (gloves unavailable)
Will    .....                   (boots unavailable)
Stlth   +.........              (no amulet)
HPRegen 0.17/turn               (no ring)
MPRegen 0.11/turn               (no ring)

@: lethally poisoned (-1 -> -7)
A: large, unfitting armour, tough skin 1
a: no special abilities


You were on level 5 of the Dungeon.
You visited 1 branch of the dungeon, and saw 5 of its levels.

You collected 123 gold pieces.


Innate Abilities, Weirdness & Mutations

You are too large for most types of armour.
You have tough skin. (AC +1)


   Skills:
 - Level 1.7 Dodging
 - Level 1.4 Stealth
 - Level 2.4 Spellcasting
 - Level 0.8 Transmutations
 + Level 6.1 Poison Magic


You had 8 spell levels left.
You knew the following spells:

 Your Spells              Type           Power      Damage    Failure   Level
a - Sting                 Tmut/Pois      52%        1d5       4%          1

Your spell library contained the following spells:

 Spells                   Type           Power      Damage    Failure   Level
 Poisonous Vapours        Pois/Air       22%        N/A       9%          2
 Olgreb's Toxic Radiance  Pois           21%        N/A       16%         4
 Summon Small Mammal      Summ           4%         N/A       21%         1
 Mephitic Cloud           Conj/Pois/Air  8%         N/A       26%         3
 Call Canine Familiar     Summ           1%         N/A       52%         3
 Summon Guardian Golem    Hex/Summ       1%         N/A       52%         3

Inventory:

Hand Weapons
 g - a +2 short sword of venom (weapon) {short}
   (You took it off a kobold on level 1 of the Dungeon)
Armour
 a - a +0 robe (worn)
Jewellery
 m - a ring of fire
   (You found it on level 3 of the Dungeon)
Scrolls
 h - a scroll of teleportation {@r4}
 i - a scroll of brand weapon
 j - a scroll of enchant weapon
 k - a scroll of vulnerability {!r!r}
Potions
 b - a potion of magic
 d - 2 potions of curing {@q1}
 e - a potion of lignification {!q}
 f - a potion of might {unknown}
 l - a potion of attraction {unknown}
 n - a potion of degeneration {unknown}

Dungeon Overview and Level Annotations

Branches:
Dungeon (5/15) Zot: 26992
 Temple: D:4-7

Altars:
Kikubaaqudgha
Zin

Annotations:
D:3 3 runed translucent doors #.# #.# #.# #g# .gg

#g#
#S#
#@#
#=g#
#.##
#.
..
...
#..
#..


You could see a gnoll sergeant, 4 gnolls and a ball python.


Message History

The adder bites you but does no damage.
HP[+1]
The adder bites you.
* * * LOW HITPOINT WARNING * * *
HP[-3]
You take 3 damage, and now have 34/79 hp.
Your transformation is almost over.
The adder bites you but does no damage. x2
The adder bites you but does no damage. The adder bites you.
* * * LOW HITPOINT WARNING * * *
The adder bites you but does no damage. The adder bites you.
* * * LOW HITPOINT WARNING * * *
You are poisoned.
The adder poisons you!
HP[-1]
You take 1 damage, and now have 33/79 hp.
Unknown command.
You feel sick. The adder bites you but does no damage.
HP[-2]
You take 2 damage, and now have 31/79 hp.
You feel sick. The adder bites you but does no damage.
HP[-1]
You take 1 damage, and now have 30/79 hp.
You cannot move.
You feel sick. The adder bites you but does no damage.
Okay, then.
You feel sick.
The adder bites you but does no damage. x2
HP[-1]
You take 1 damage, and now have 29/79 hp.
You feel sick.
You are no longer poisoned.
The adder bites you but does no damage.
HP[-1]
You take 1 damage, and now have 28/79 hp.
You cannot move.
Unknown command.
The adder bites you but does no damage.
You feel less wooden.
Your +0 robe unmelds from your body.
The adder barely misses you. x2
HP[-9]
You now have 53 max hp (-26).
The adder attacks as you move away! The adder barely misses you.
The adder bites you.
* * * LOW HITPOINT WARNING * * *
HP[-1]
You take 1 damage, and now have 18/53 hp.
The adder attacks as you move away! The adder bites you but does no damage.
HP[+1]
The adder attacks as you move away! The adder bites you.
* * * LOW HITPOINT WARNING * * *
HP[-2]
You take 2 damage, and now have 17/53 hp.
The adder barely misses you.
There is a stone staircase leading down here.
The adder bites you.
* * * LOW HITPOINT WARNING * * *
The ball python barely misses you. The adder bites you.
* * * LOW HITPOINT WARNING * * *
You are poisoned.
The adder poisons you!
You climb downwards.
You feel sick.
The gnoll sergeant shouts!
The gnoll shouts! x3
There is a stone staircase leading up here.
HP[-5]
You take 5 damage, and now have 12/53 hp.
You feel sick. The ball python barely misses you. The adder bites you.
* * * LOW HITPOINT WARNING * * *
You climb upwards.
You feel sick. The gnoll hits you with a +0 whip.
* * * LOW HITPOINT WARNING * * *
The gnoll barely misses you.
There is a stone staircase leading down here.
HP[-9]
You take 9 damage, and now have 3/53 hp.
You feel better. The adder bites you but does no damage.
The ball python closely misses you. The gnoll hits you but does no damage.
HP[+8]
You regained 8 hp, and now have 11/53 hp.
The adder bites you.
* * * LOW HITPOINT WARNING * * *
You are poisoned.
The adder poisons you! The ball python closely misses you.
The gnoll completely misses you. The gnoll barely misses you.
The adder bites you.
* * * LOW HITPOINT WARNING * * *
You are lethally poisoned!
The adder poisons you!
You climb downwards.
* * * LOW HITPOINT WARNING * * *
You feel very sick.
There is a stone staircase leading up here.
HP[-7]
You take 7 damage, and now have 4/53 hp.
You hit the adder.
The adder is poisoned.
* * * LOW HITPOINT WARNING * * *
You feel sick.
You kill the adder!
The ball python closely misses you. The gnoll barely misses you.
The gnoll hits you with a +0 whip.
You die...

Skill      XL: |  1  2  3  4  5 |
---------------+----------------+-----
Poison Magic   | 3 4 5 6 |  6.1
Dodging        | |  1.7
Stealth        | |  1.4
Spellcasting   | |  2.4
Transmutations | |  0.8

Action                   |  1- 3 |  4- 6 || total
-------------------------+-------+-------++-------
Melee: Short sword       |    11 |   123 ||   134
       Unarmed           |     3 |       ||     3
       Punch             |       |     3 ||     3
 Cast: Sting             |    12 |     2 ||    14
  Use: Scroll            |       |     6 ||     6
       Potion            |       |     2 ||     2
Armor: Robe              |     6 |    28 ||    34
       Skin              |       |    52 ||    52
Dodge: Dodged            |     9 |    78 ||    87

Levels and vault maps discovered:
D:1:      zaba_arrival_water, layout_loops_ring, ebering_ecumenical_altar_webs,
          item_on_display_a
D:2:      layout_basic, interstate_on_off, hangedman_abyss_or_decor_lesser_grid,
          minmay_domino_2
D:3:      layout_loops_ring, mainiacjoe_overflow_alcove_1,
          overflow_temple_1_default, lemuel_doored_altar, gammafunk_ghost_split,
          minmay_checkerbox, uniq_sigmund, uniq_grinder
D:4:      layout_rooms, serial_shops, shop
D:5:      layout_rooms, minmay_tree_intersection, skrybe_limestone_x,
          minmay_misc_feat_square

Notes
Turn   | Place    | Note
-------+----------+-------------------------------------------
     0 | D:1      | zeratav the Ogre Venom Mage began the quest for the Orb.
     0 | D:1      | Reached XP level 1. HP: 16/16 MP: 3/3
     0 | D:1      | magus.rc [v1.9.6]
   357 | D:1      | Found a faded altar of an unknown god.
   375 | D:1      | Reached skill level 3 in Poison Magic
   468 | D:1      | Reached XP level 2. HP: 24/24 MP: 1/5
   829 | D:2      | Noticed a scorpion
   833 | D:2      | Killed a scorpion
   834 | D:2      | Reached skill level 4 in Poison Magic
   834 | D:2      | Reached XP level 3. HP: 31/31 MP: 3/6
   834 | D:2      | Reached XP level 4. HP: 39/39 MP: 3/7
  1301 | D:2      | You fall into a shaft and drop 1 floor!
  1356 | D:3      | Found an ancient bone altar of Kikubaaqudgha.
  1623 | D:2      | Reached skill level 5 in Poison Magic
  1672 | D:2      | You pick up a book of Callings and begin reading...
  1672 | D:2      | You add the spells Summon Small Mammal, Call Canine
                  | Familiar and Summon Guardian Golem to your library.
  2271 | D:3      | Reached XP level 5. HP: 41/45 MP: 8/8
  2371 | D:3      | Found a runed translucent gate.
  2371 | D:3      | Found a runed translucent gate.
  2372 | D:3      | Found a runed translucent gate.
  2385 | D:3      | Found a glowing silver altar of Zin.
  2594 | D:4      | Noticed a phantom
  2629 | D:4      | Killed a phantom
  2630 | D:4      | Reached skill level 6 in Poison Magic
  2630 | D:4      | Reached XP level 6. HP: 35/53 MP: 9/9
  2657 | D:4      | HP: 13/53 [adder (3)]
  2658 | D:5      | Entered Level 5 of the Dungeon
  2660 | D:4      | HP: 6/53 [poisoned by an adder]
  2664 | D:5      | HP: 2/53 [poisoned by an adder]
  2664 | D:5      | Slain by a gnoll

Vanquished Creatures
  A phantom (D:4)
  2 scorpions
  6 adders
  A dart slug (D:2)
  An endoplasm (D:3)
  3 giant cockroaches
  2 hobgoblins
  2 jackals (D:2)
  3 quokkas (D:3)
  2 ball pythons (D:2)
  2 bats (D:2)
  A frilled lizard (D:2)
  4 goblins
  4 kobolds
  4 rats
38 creatures vanquished.

Table legend:
 A = Non-vault XP
 B = Vault XP
 C = Vault XP percentage of total XP
 D = Non-vault monster count
 E = Vault monster count
 F = Vault count percentage of total count
                 A         B        C        D         E       F
            +---------+---------+-------+---------+---------+-------
      Total |     380 |       5 |   1.3 |      35 |       3 |   7.9
            +---------+---------+-------+---------+---------+-------
        D:1 |      11 |       0 |   0.0 |       7 |       0 |   0.0
        D:2 |     115 |       1 |   0.9 |      15 |       1 |   6.2
        D:3 |      63 |       4 |   6.0 |      10 |       2 |  16.7
        D:4 |     178 |       0 |   0.0 |       2 |       0 |   0.0
        D:5 |      13 |       0 |   0.0 |       1 |       0 |   0.0
            +---------+---------+-------+---------+---------+-------

Illustrated notes

Table legend:
 A = Kills in this place as a percentage of kills in entire the game.
 B = Kills by you in this place as a percentage of kills by you in the entire game.
 C = Kills by friends in this place as a percentage of kills by friends in the entire game.
 D = Other kills in this place as a percentage of other kills in the entire game.
 E = Experience gained in this place as a percentage of experience gained in the entire game.
 F = Experience gained in this place divided by the number of levels of this place that you have seen.
                   A       B       C       D       E      F
               +-------+-------+-------+-------+-------+----------------------
         Total | 100.0 | 100.0 |   N/A |   N/A | 100.0 |  77.0
       Dungeon | 100.0 | 100.0 |   N/A |   N/A | 100.0 |  77.0
               +-------+-------+-------+-------+-------+----------------------

Table legend: (Time is in decaauts)
 A = Elapsed time spent in this place.
 B = Non-inter-level travel time spent in this place.
 C = Inter-level travel time spent in this place.
 D = Time resting spent in this place.
 E = Time spent auto-exploring this place.
 F = Levels seen in this place.
 G = Mean time per level.
                   A        B        C        D        E       F      G
               +--------+--------+--------+--------+--------+-----+--------+
         Total |   2682 |   2595 |     87 |    476 |   1608 |   5 |  536.4 |
       Dungeon |   2682 |   2595 |     87 |    476 |   1608 |   5 |  536.4 |
               +--------+--------+--------+--------+--------+-----+--------+

Top non-repeatable levels by time:
     D:2: 1342 daAuts
     D:1: 835 daAuts
     D:4: 274 daAuts
     D:3: 227 daAuts
     D:5: 3 daAuts
